Map: Blueshift LE

Players

Kimchi - Winner!

  • Race: Terran Terran
  • League: Diamond
  • Spawn Location: 1:00

qqqweq

  • Race: Protoss Protoss
  • League: Diamond
  • Spawn Location: 7:00

VOD

Have the link to the VOD?

Description

Time

  • Played on: Jan. 16, 2019, 11:58 a.m.
  • Length: 18:01
Show
View Real Time Build Order
Export as new Build Order

Kimchi Terran - Winner!

Build Orders:  

Get SALT Encoding   

  12  0:00  SCV  
  13  0:12  SCV  
  14  0:17  Supply Depot  
  14  0:24  SCV  
  15  0:31  Refinery  
  15  0:38  SCV  
  16  0:45  Barracks  
  16  0:50  SCV  
  17  1:02  SCV  
  18  1:15  SCV  
  19  1:33  Orbital Command  
  20  1:47  Command Center  
  20  2:00  Factory  
  20  2:01  SCV  
  20  2:10  Barracks Reactor  
  20  2:13  SCV  
  20  2:14  Refinery  
  21  2:20  Supply Depot  
  21  2:29  Factory  
  21  2:30  SCV  
  21  2:36  Barracks  
  22  2:42  SCV  
  23  2:47  Marine x2  
  25  2:54  SCV  
  26  3:00  Orbital Command  
  26  3:06  SCV, Marine x2  
  28  3:14  Starport  
  28  3:16  Widow Mine  
  30  3:26  Marine x2, Barracks Tech Lab  
  32  3:27  SCV  
  32  3:29  SCV  
  34  3:39  SCV  
  34  3:40  Factory Tech Lab  
  35  3:41  SCV  
  35  3:45  Marine x2, Marauder  
  40  3:57  SCV  
  40  3:58  SCV  
  42  4:04  Raven  
  42  4:09  Marine, Widow Mine  
  46  4:13  Supply Depot  
  46  4:21  Stimpack  
  46  4:25  Supply Depot  
  46  4:34  Marine x2  
  46  4:35  SCV x2, Marauder  
  46  4:36  Factory Tech Lab  
  50  4:52  SCV x2  
  52  4:53  Banshee  
  52  4:55  Marine x2  
  57  5:01  Siege Tank, Marauder, Command Center  
  62  5:08  Supply Depot  
  62  5:11  Supply Depot  
  62  5:12  Cloaking Field  
  62  5:19  Refinery  
  62  5:20  Supply Depot  
  62  5:30  SCV x2  
  62  5:31  Marine x2, Marauder  
  68  5:40  Siege Tank  
  71  5:44  SCV x2  
  73  5:53  Barracks  
  73  5:54  Refinery  
  73  5:56  SCV  
  73  5:57  SCV, Supply Depot  
  75  5:59  Marine x2, Marauder  
  75  6:00  Banshee  
  82  6:22  Marine  
  82  6:23  Marine, Marauder  
  82  6:24  Siege Tank  
  89  6:30  SCV x2  
  89  6:31  Orbital Command  
  91  6:35  Engineering Bay  
  91  6:36  Engineering Bay  
  91  6:38  Barracks  
  91  6:39  Supply Depot  
  91  6:43  Marine, Barracks Tech Lab  
  91  6:44  Marine  
  87  7:12  Marine x2  
  87  7:13  Siege Tank, Marauder x2  
  87  7:14  Medivac  
  91  7:19  SCV  
  87  7:27  Orbital Command  
  87  7:29  Barracks Reactor, Marine  
  80  7:30  Terran Infantry Weapons Level 1, Marine, Terran Infantry Armor Level 1  
  80  7:32  SCV  
  80  7:34  Marauder  
  85  7:43  Marine  
  85  7:44  Medivac  
  84  7:47  Marine  
  81  7:53  Marine  
  81  7:55  Marauder  
  81  8:01  Barracks  
  81  8:02  SCV x2, Marauder  
  81  8:05  Marine  
  81  8:12  Marine x2  
  74  8:13  Marine  
  77  8:20  Marauder  
  77  8:22  Marine  
  77  8:23  SCV x2, Marine  
  77  8:25  SCV  
  77  8:40  Marine x2  
  73  8:41  Marauder  
  73  8:44  SCV x2  
  73  8:46  SCV, Marine x2  
  73  8:47  Marauder  
  80  8:49  Barracks Tech Lab  
  80  8:54  Barracks, Combat Shield  
  80  8:55  Armory  
  80  8:56  SCV, Barracks, Concussive Shells  
  80  8:57  SCV  
  80  8:58  Marine  
  80  8:59  Medivac, Siege Tank  
  80  9:02  Marauder  
  90  9:04  Marine  
  91  9:15  Marine  
  91  9:16  Marine, Marauder  
  95  9:18  Marine x2  
  95  9:23  SCV x3  
  95  9:24  Marauder  
  102  9:28  Marine, Command Center  
  102  9:29  Medivac, Refinery, Supply Depot  
  102  9:30  Supply Depot  
  102  9:31  Siege Tank  
  108  9:36  Starport, Marauder  
  108  9:38  Marauder  
  112  9:43  Barracks Reactor  
  112  9:44  Barracks Reactor, Marine x2  
  112  9:45  Marauder  
  116  9:46  Barracks Tech Lab  
  116  9:47  SCV  
  116  9:51  SCV  
  113  10:01  Terran Infantry Weapons Level 2  
  113  10:02  Terran Infantry Armor Level 2, Ghost Academy  
  113  10:03  Marine x2, Marauder x2  
  113  10:06  Marine x2, Marauder  
  120  10:07  Marauder  
  120  10:09  Siege Tank  
  120  10:11  SCV x3  
  126  10:14  Refinery  
  126  10:16  Supply Depot x2  
  126  10:21  Marine x3  
  126  10:23  SCV  
  126  10:24  Marine  
  126  10:25  Marauder  
  133  10:30  Supply Depot  
  133  10:37  Marine x3  
  133  10:38  Marauder x2  
  133  10:39  Marine x3  
  133  10:42  Marine  
  144  10:46  Marauder  
  144  10:48  Starport Reactor  
  146  10:55  Marine x2  
  146  10:56  Marauder  
  151  10:57  Starport Reactor, SCV x2, Orbital Command  
  151  10:58  Starport  
  151  10:59  SCV, Marauder  
  151  11:00  Marine, Marauder  
  158  11:09  SCV  
  153  11:20  Marine x2  
  153  11:21  Marine x2, Marauder x2  
  153  11:22  Marauder  
  163  11:29  Marine x2  
  163  11:30  Medivac, Siege Tank, Marauder  
  172  11:36  Supply Depot  
  172  11:38  Supply Depot  
  172  11:42  Marine  
  172  11:43  Medivac  
  172  11:44  Marauder  
  166  11:53  Marine x4, Marauder  
  153  11:54  Marine, Marauder x2  
  153  12:00  Medivac, Marine  
  151  12:02  Medivac, Siege Tank  
  158  12:10  Marine x2  
  158  12:11  Marine  
  158  12:14  Orbital Command  
  162  12:19  Ghost x2  
  159  12:23  Marine x3, Marauder  
  161  12:30  Marine x3, Marauder  
  161  12:34  Siege Tank  
  161  12:40  Marine  
  161  12:41  Marine  
  140  12:46  Marine  
  146  12:56  Marine  
  146  12:58  Marine x2  
  148  12:59  Ghost x2  
  146  13:06  Siege Tank, Marine  
  150  13:13  Liberator x2  
  148  13:25  Marine x2  
  148  13:26  Marine x2, Marauder  
  154  13:28  Marauder  
  154  13:31  Marine x2  
  154  13:32  Marauder  
  164  13:34  SCV x3  
  164  13:35  SCV  
  168  13:43  Missile Turret  
  168  13:44  Missile Turret  
  168  13:46  SCV  
  168  13:47  Missile Turret x2  
  169  13:52  Barracks, Missile Turret  
  169  13:53  Missile Turret  
  169  13:54  Marine x2, Marauder  
  173  13:56  Personal Cloaking  
  148  14:15  Marine x3  
  148  14:16  Marine, Marauder x2  
  146  14:17  Marauder  
  139  14:26  Marine x2  
  137  14:33  Marine  
  137  14:37  Marauder x2  
  136  14:45  Marine  
  116  14:46  Marine, Marauder  
  116  14:47  Marine  
  116  14:49  Marine  
  117  14:53  Marine x2  
  117  14:58  Marauder  
  117  14:59  SCV x3, Marauder  
  122  15:03  Marine  
  122  15:04  Marine  
  118  15:08  Marine  
  118  15:09  Marine  
  118  15:10  Barracks Tech Lab  
  120  15:20  Marine, Marauder x2  
  127  15:21  Marauder  
  127  15:27  Command Center  
  127  15:32  Marine x4, Marauder  
  127  15:35  Command Center  
  107  16:08  Marine  
  107  16:09  Marine  
  107  16:10  Medivac x2, Marauder x3  
  107  16:11  Marine x2, Marauder  
  107  16:16  Marine x2  
  109  16:26  Marine  
  109  16:27  Marine  
  109  16:28  Marine  
  109  16:31  Marine, Marauder x3  
  109  16:32  Marine  
  115  16:34  Medivac x2, Marine  
  115  16:36  Marine  
  114  16:40  Medivac  
  111  16:48  SCV x2  
  111  16:49  Orbital Command  
  115  16:59  Marine  
  112  17:09  Marine x2  
  112  17:10  Marine  
  112  17:11  Ghost x2  
  117  17:21  Refinery, Planetary Fortress  
  117  17:22  Refinery  
  112  17:30  Marine x2  
  112  17:31  Marine x3, Marauder x2  
  112  17:33  Marine  
  125  17:40  Marine  
Show
View Real Time Build Order
Export as new Build Order

qqqweq Protoss 

Build Orders: 1 Gate Expand, Blink Stalkers 

Get SALT Encoding   

  12  0:00  Probe  
  13  0:13  Probe  
  14  0:18  Pylon  
  14  0:24  Probe  
  15  0:32  Probe  
  15  0:38  Gateway  
  15  0:40  Probe  
  16  0:46  Assimilator  
  17  0:50  Probe  
  18  0:58  Probe  
  19  1:06  Probe  
  20  1:26  Nexus  
  20  1:38  Cybernetics Core  
  20  1:40  Probe  
  20  2:02  Pylon  
  20  2:04  Assimilator, Stalker  
  20  2:05  Probe  
  21  2:15  Warp Gate  
  23  2:20  Probe  
  24  2:30  Stalker, Robotics Facility  
  24  2:32  Probe  
  25  2:38  Probe  
  28  2:44  Probe  
  28  2:51  Probe  
  30  2:56  Probe  
  31  3:00  Stalker  
  31  3:02  Probe  
  34  3:10  Probe  
  34  3:11  Twilight Council, Probe  
  35  3:19  Blink  
  36  3:24  Probe  
  36  3:27  Probe  
  36  3:29  Observer  
  39  3:43  Gateway  
  39  3:45  Gateway  
  39  3:47  Pylon  
  39  3:50  Probe x2  
  41  3:59  Observer  
  41  4:02  Probe x2  
  44  4:15  Probe  
  44  4:16  Probe  
  46  4:26  Stalker  
  46  4:28  Nexus, Probe x2  
  46  4:31  Pylon  
  50  4:40  Probe  
  51  4:46  Probe  
  51  4:47  Observer  
  51  4:52  Probe  
  53  4:53  Assimilator  
  53  4:55  Assimilator  
  53  4:58  Probe, Gateway  
  53  4:59  Zealot x3, Gateway  
  60  5:04  Probe  
  61  5:07  Pylon  
  61  5:10  Probe  
  62  5:25  Probe x2, Observer  
  62  5:26  Stalker x2  
  62  5:27  Pylon  
  69  5:31  Pylon  
  69  5:35  Templar Archives  
  69  5:40  Stalker  
  71  5:43  Probe x3  
  74  5:52  Zealot x2  
  78  5:58  Forge  
  78  6:00  Zealot, Pylon  
  78  6:01  Zealot  
  78  6:03  Probe x2  
  78  6:04  Probe  
  85  6:15  Probe x2, Pylon  
  85  6:16  Probe  
  88  6:23  Observer  
  89  6:25  Probe  
  89  6:26  Probe x2  
  89  6:29  Zealot x4  
  100  6:33  Assimilator  
  100  6:34  Probe x3  
  100  6:36  Protoss Ground Weapons Level 1  
  100  6:39  Zealot  
  103  6:58  Zealot x3  
  102  7:06  Observer  
  80  7:15  Zealot  
  80  7:16  Zealot  
  73  7:29  Zealot  
  65  7:30  Zealot x2  
  65  7:40  Zealot x2  
  67  7:51  Zealot x3  
  65  8:06  Zealot x2  
  65  8:11  Probe x2  
  65  8:12  Probe  
  70  8:17  Stalker x3  
  74  8:23  Probe  
  74  8:24  Probe  
  74  8:32  Zealot x2  
  74  8:33  Protoss Ground Weapons Level 2  
  70  8:41  Probe x3  
  69  8:43  High Templar  
  69  8:44  High Templar  
  73  8:50  Gateway  
  73  8:52  Gateway  
  73  8:53  Probe x2  
  75  8:56  Pylon  
  75  9:00  Forge  
  75  9:03  Observer  
  75  9:06  High Templar  
  75  9:07  Zealot, High Templar  
  75  9:08  Archon  
  82  9:11  Archon  
  82  9:17  Probe x3  
  83  9:22  Zealot, Pylon  
  83  9:23  Zealot  
  89  9:28  Warp Prism  
  89  9:29  Probe x2  
  93  9:34  Zealot  
  93  9:36  Protoss Ground Armor Level 1  
  95  9:50  Zealot x6  
  104  9:56  Observer  
  97  10:09  High Templar  
  97  10:11  High Templar x3  
  97  10:12  High Templar x2  
  97  10:13  Zealot  
  111  10:15  Archon x2  
  109  10:36  Stalker  
  109  10:39  Probe x3  
  114  10:43  Zealot  
  114  10:44  Zealot x3, Protoss Ground Weapons Level 3  
  122  10:57  Zealot  
  122  10:59  Archon  
  124  11:04  Pylon  
  124  11:05  Probe  
  124  11:10  Gateway  
  123  11:12  Gateway  
  119  11:25  Zealot x6  
  119  11:26  Zealot  
  131  11:47  Zealot  
  131  11:53  Observer  
  127  11:57  Protoss Ground Armor Level 2, Pylon  
  127  11:58  Pylon  
  127  12:02  Pylon  
  127  12:09  Pylon  
  127  12:10  Zealot x3  
  127  12:12  Pylon  
  133  12:29  Zealot x6  
  129  12:41  Zealot x3  
  114  12:55  Zealot x6  
  120  13:00  Probe x2  
  122  13:06  Zealot  
  122  13:07  Zealot x2  
  122  13:11  Nexus  
  122  13:13  Pylon  
  122  13:15  Pylon  
  116  13:23  Zealot x5  
  116  13:24  Protoss Shields Level 1  
  110  13:32  Assimilator, Zealot  
  110  13:33  Zealot x8  
  128  13:41  Robotics Bay  
  128  13:44  Robotics Facility  
  128  13:48  Robotics Facility  
  128  13:51  Pylon  
  128  13:56  Zealot x5  
  128  13:57  Zealot x4  
  144  14:05  Protoss Ground Armor Level 3  
  132  14:23  Zealot x8  
  132  14:24  Zealot  
  140  14:37  Stargate  
  140  14:39  Stargate  
  140  14:42  Stargate  
  108  14:52  Zealot  
  108  14:53  Zealot x6  
  112  15:04  Colossus  
  108  15:16  High Templar x9  
  108  15:20  Archon x4  
  126  15:30  Fleet Beacon  
  96  15:51  Zealot x7  
  96  16:02  Zealot x2  
  74  16:12  Zealot x5  
  74  16:14  High Templar x2  
  83  16:25  Zealot, Archon  
  73  16:26  Zealot  
  58  16:34  Zealot x2  
  58  16:35  Zealot x2  
  66  16:47  Zealot  
  66  16:48  Zealot x2  
  70  17:01  Stalker  
  67  17:03  Zealot x2  
  71  17:13  Assimilator  
  71  17:17  Assimilator  
  71  17:21  Stalker x2  
  81  17:46  High Templar x4  
  89  17:55  Archon x2  
Tags
 
Add a new tag
Caveats
  • Supply blocks, unpowered buildings, or Contaminate may cause inaccurate times.
  • Supply counts are checked every 10 seconds.